 Dungeon Crawl Stone Soup version 0.29-a0-506-ga2e7fffb44 (webtiles) character file.

Game seed: 14459431482694615874

25194 frimble the Thaumaturge (level 13, -1/101 HPs)
             Began as a Gnoll Warper on May 29, 2022.
             Was a High Priest of Cheibriados.
             Slain by a komodo dragon (25 damage)
             ... on level 6 of the Lair of Beasts.
             The game lasted 00:26:29 (14182 turns).

frimble the Thaumaturge (Gnoll Warper)             Turns: 14182, Time: 00:26:29

Health: -1/101     AC: 15    Str: 21    XL:     13   Next: 18%
Magic:  23/26      EV: 17    Int: 35    God:    Cheibriados [*****.]
Gold:   1709       SH:  0    Dex: 23    Spells: 18/31 levels left

rFire   . . .      SeeInvis .   a - +1 short sword (venom)
rCold   + . .      Faith    .   (no shield)
rNeg    + + .      Spirit   .   y - +2 scale mail {rPois}
rPois   +          Reflect  .   j - +1 helmet
rElec   .          Harm     .   (no cloak)
rCorr   .          Rampage  .   (no gloves)
Will    .....                   m - +1 pair of boots
Stlth   ++++......              u - amulet "Ofeupso" {rN++ Regen+ Stlth+}
HPRegen 1.06/turn               f - ring of protection from cold
MPRegen 0.20/turn               n - +6 ring of intelligence

@: very slow
A: fangs 1, strong nose, distributed training
a: Renounce Religion, Bend Time, Temporal Distortion, Slouch, Step From Time


You were on level 6 of the Lair of Beasts.
You worshipped Cheibriados.
Cheibriados was extremely pleased with you.
You visited 3 branches of the dungeon, and saw 18 of its levels.
You also visited: Ossuary.

You collected 2235 gold pieces.
You spent 526 gold pieces at shops.

Inventory:

Hand Weapons
 a - a +1 short sword of venom (weapon)
 b - a +0 hunting sling of flaming
 o - a +2 mace of holy wrath
 p - a +2 dagger of draining
 O - a +5 flail
Missiles
 d - a boomerang of dispersal
 s - 7 curare-tipped darts (quivered)
 E - 2 throwing nets
 G - 3 boomerangs
Armour
 j - a +1 helmet (worn)
 m - a +1 pair of boots (worn)
 y - a +2 scale mail of poison resistance (worn)
Jewellery
 f - a ring of protection from cold (left hand)
 n - a +6 ring of intelligence (right hand)
 u - the amulet "Ofeupso" (around neck) {rN++ Regen+ Stlth+}
   (You found it on level 4 of the Dungeon)

   [amulet of regeneration]

   rN:        It greatly protects you from negative energy.
   Regen:     It increases your rate of health regeneration.
   Stlth:     It makes you more stealthy.
 C - a ring of resist corrosion
 D - a ring of poison resistance
Wands
 r - a wand of flame (22)
 F - a wand of digging (3)
 H - a wand of paralysis (12)
 N - a wand of polymorph (12)
 U - a wand of acid (7)
Scrolls
 c - 5 scrolls of blinking
 g - a scroll of brand weapon
 i - 6 scrolls of enchant weapon
 k - 9 scrolls of teleportation
 I - 2 scrolls of magic mapping
 J - 2 scrolls of enchant armour
 K - a scroll of immolation
 L - 9 scrolls of identify
 M - a scroll of poison
 P - 2 scrolls of fear
 Q - a scroll of torment
 T - a scroll of amnesia
Potions
 e - a potion of resistance
 h - 2 potions of magic
 l - 3 potions of attraction
 q - a potion of cancellation
 t - 3 potions of berserk rage
 v - 3 potions of ambrosia
 w - 6 potions of curing
 x - 2 potions of mutation
 z - 2 potions of lignification
 A - a potion of brilliance
 B - 3 potions of heal wounds
 R - a potion of flight
 S - a potion of might


   Skills:
 + Level 9.3 Fighting
 + Level 9.3 Short Blades
 + Level 8.0 Long Blades
 + Level 8.0 Axes
 + Level 8.0 Maces & Flails
 + Level 8.0 Polearms
 + Level 8.0 Staves
 + Level 8.0 Slings
 + Level 8.0 Bows
 + Level 8.0 Crossbows
 + Level 8.5 Throwing
 + Level 8.5 Armour
 + Level 9.3 Dodging
 + Level 8.0 Stealth
 + Level 8.0 Shields
 + Level 8.0 Unarmed Combat
 + Level 9.5 Spellcasting
 + Level 6.7 Conjurations
 + Level 6.7 Hexes
 + Level 6.7 Summonings
 + Level 6.7 Necromancy
 + Level 8.7 Translocations
 + Level 6.7 Transmutations
 + Level 6.7 Fire Magic
 + Level 6.7 Ice Magic
 + Level 6.7 Air Magic
 + Level 6.7 Earth Magic
 + Level 6.7 Poison Magic
 + Level 8.8 Invocations
 + Level 8.0 Evocations


You had 18 spell levels left.
You knew the following spells:

 Your Spells              Type           Power      Damage    Failure   Level
a - Apportation           Tloc           100%       N/A       1%          1
b - Blink                 Tloc           100%       N/A       1%          2
c - Fireball              Conj/Fire      29%        3d13      11%         5
d - Freezing Cloud        Conj/Ice/Air   29%        6-21      11%         5

Your spell library contained the following spells:

 Spells                   Type           Power      Damage    Failure   Level
 Necrotize                Necr           100%       1d9       1%          1
 Summon Small Mammal      Summ           100%       N/A       1%          1
 Ensorcelled Hibernation  Hex/Ice        100%       N/A       1%          2
 Gell's Gravitas          Tloc           67%        N/A       1%          3
 Ignite Poison            Fire/Tmut/Pois 59%        N/A       1%          3
 Lesser Beckoning         Tloc           67%        N/A       1%          3
 Mephitic Cloud           Conj/Pois/Air  59%        N/A       1%          3
 Spider Form              Tmut/Pois      59%        N/A       1%          3
 Teleport Other           Tloc           67%        N/A       1%          3
 Anguish                  Hex/Necr       29%        N/A       3%          4
 Animate Armour           Summ/Erth      100%       N/A       3%          4
 Cause Fear               Hex            29%        N/A       3%          4
 Manifold Assault         Tloc           67%        N/A       4%          5
 Blade Hands              Tmut           29%        N/A       11%         5
 Iron Shot                Conj/Erth      29%        9d6       52%         6
 Starburst                Conj/Fire      29%        6d9       52%         6
 Dragon Form              Tmut           29%        N/A       97%         7
 Ignition                 Fire           29%        3d9       100%        8
 Dragon's Call            Summ           29%        N/A       100%        9


Dungeon Overview and Level Annotations

Branches:
Dungeon (11/15)            Temple (1/1) D:4            Lair (6/6) D:11
    Orc (0/2) D:10        Ossuary (visited)
  Swamp: Lair:2-4    Shoals: Lair:2-4     Snake: Lair:2-4    Spider: Lair:2-4
  Slime: Lair:5-6

Altars:
Ashenzari
Cheibriados
Dithmenos
Elyvilon
Fedhas
Gozag
Hepliaklqana
Kikubaaqudgha
Makhleb
Nemelex Xobeh
Okawaru
Qazlal
Ru
Sif Muna
Trog
Uskayaw
Vehumet
Wu Jian
Xom
Yredelemnul
Zin
The Shining One

Shops:
D:4 :   D:6 *   D:7 *   D:8 ?(


Innate Abilities, Weirdness & Mutations

You have very sharp teeth.
Your uncanny sense of smell can sniff out nearby items.
Your experience applies equally to all skills.


Message History

Casting: Blink (safe; 1% risk of failure)
Confirm with . or Enter, or press ? or * to list all spells.
You blink.
A komodo dragon comes into view.
The wyvern attacks as you move away!
The wyvern bites you but does no damage. x2
You hit the wyvern.
The wyvern looks as sick as possible!
The wyvern is severely wounded.
The wyvern bites you but does no damage.
You closely miss the wyvern. You punch the wyvern.
You kill the wyvern!
Cheibriados thoroughly appreciates the change of pace.
The komodo dragon looks more healthy.
The komodo dragon bites you but does no damage.
The komodo dragon bites you!
You see here a wyvern corpse.
You hit the komodo dragon.
The komodo dragon is poisoned.
The komodo dragon is moderately wounded.
You hit the komodo dragon.
The komodo dragon looks even sicker.
You bite the komodo dragon, but do no damage.
The komodo dragon is moderately wounded.
The komodo dragon bites you!
You hit the komodo dragon. You bite the komodo dragon.
The komodo dragon is heavily wounded.
The komodo dragon barely misses you.
You hit the komodo dragon.
The komodo dragon looks as sick as possible!
The komodo dragon is heavily wounded.
You closely miss the komodo dragon.
You bite the komodo dragon, but do no damage.
The komodo dragon is heavily wounded.
The komodo dragon bites you!
* * * LOW HITPOINT WARNING * * *
Casting: Blink (safe; 1% risk of failure)
Confirm with . or Enter, or press ? or * to list all spells.
You blink.
There is a stone staircase leading up, spattered with blood here.
You see here a dream sheep corpse.
The komodo dragon bites you!!
You die...

. .. ♣♣...
♣.....
♣♣♣♣♣♣♣♣.....
♣.♣......#
♣♣...@...#
♣♣...l...##
♣♣.........#
#..............
#.†............
#...........###
#..........##
##..........
#..........#


You could see a komodo dragon (very poisoned).

Vanquished Creatures
  4 hydras
  A catoblepas (Lair:4)
  3 boulder beetles
  A fire crab (Lair:4)
  Joseph (D:8)
  A cyclops (D:11)
  3 elephants (Lair:5)
  A black mamba (Lair:1)
  An unseen horror (D:11)
  A gargoyle (D:11)
  2 cane toads (Lair:4)
  3 rime drakes
  6 komodo dragons
  A polar bear (Lair:3)
  A troll (D:10)
  2 hornets (D:7)
  5 dream sheep
  14 blink frogs (Lair:4)
  A shadow (D:11)
  A vampire (D:11)
  2 wyverns
  22 yaks
  A steam dragon (D:7)
  2 acid dragons
  5 water moccasins
  2 black bears
  3 orc warriors
  A sky beast (D:8)
  2 ogres (D:5)
  5 centaurs
  3 phantoms
  2 kobold brigands
  A necrophage (D:7)
  10 bullfrogs
  2 gnoll sergeants
  4 scorpions
  4 water moccasin zombies (Ossuary)
  10 wights
  12 killer bees
  4 electric eels
  2 howler monkeys
  7 orc priests
  A jelly (D:6)
  5 hounds
  2 gnoll shamans
  3 iron imps (D:6)
  2 iguanas (D:6)
  Ijyb (D:4)
  10 orc wizards
  5 hell rats (Lair:4)
  2 mummies (Ossuary)
  10 adders
  17 gnolls
  2 shadow imps
  A white imp (D:6)
  An ufetubus (D:7)
  7 adder zombies (Ossuary)
  2 worms
  2 dart slugs
  38 orcs
  6 ball pythons
  9 bats
  4 endoplasms
  4 giant cockroaches
  9 goblins
  4 hobgoblins
  3 jackals (D:3)
  5 quokkas
  5 frilled lizards
  4 gnoll zombies (Ossuary)
  4 hobgoblin zombies (Ossuary)
  11 kobolds
  8 kobold zombies (Ossuary)
  4 orc zombies (Ossuary)
  A quokka zombie (D:6)
  6 rats
  A rat zombie (D:6)
  A butterfly (Lair:4)
359 creatures vanquished.

Vanquished Creatures (others)
  An orc wizard (D:7)
  9 fungi
  5 plants
15 creatures vanquished.

Grand Total: 374 creatures vanquished

Notes
Turn   | Place    | Note
-------+----------+-------------------------------------------
     0 | D:1      | frimble the Gnoll Warper began the quest for the Orb.
     0 | D:1      | Reached XP level 1. HP: 20/20 MP: 6/6
    61 | D:1      | Found a faded altar of an unknown god.
   305 | D:1      | Reached XP level 2. HP: 22/26 MP: 7/7
   514 | D:1      | HP: 1/26 [hobgoblin (2)]
   874 | D:1      | Reached XP level 3. HP: 26/31 MP: 9/9
   876 | D:1      | Learned a level 1 spell: Apportation
   950 | D:1      | Learned a level 2 spell: Blink
  1022 | D:1      | Reached skill level 5 in Spellcasting
  1201 | D:1      | Identified a scroll of acquirement
  1201 | D:1      | Acquired 1229 gold pieces
  1235 | D:2      | Found a white marble altar of Elyvilon.
  1298 | D:2      | Reached skill level 1 in Invocations
  1545 | D:2      | Reached skill level 1 in Long Blades
  1545 | D:2      | Reached skill level 1 in Axes
  1545 | D:2      | Reached skill level 1 in Maces & Flails
  1545 | D:2      | Reached skill level 1 in Polearms
  1545 | D:2      | Reached skill level 1 in Staves
  1545 | D:2      | Reached skill level 1 in Slings
  1545 | D:2      | Reached skill level 1 in Bows
  1545 | D:2      | Reached skill level 1 in Crossbows
  1545 | D:2      | Reached skill level 1 in Stealth
  1545 | D:2      | Reached skill level 1 in Shields
  1545 | D:2      | Reached skill level 1 in Unarmed Combat
  1545 | D:2      | Reached skill level 1 in Evocations
  2059 | D:2      | Reached XP level 4. HP: 23/38 MP: 11/11
  2732 | D:3      | Found a shadowy altar of Dithmenos.
  3012 | D:3      | Found a white marble altar of Elyvilon.
  3055 | D:3      | Reached skill level 1 in Conjurations
  3055 | D:3      | Reached skill level 1 in Hexes
  3055 | D:3      | Reached skill level 1 in Summonings
  3055 | D:3      | Reached skill level 1 in Necromancy
  3055 | D:3      | Reached skill level 1 in Transmutations
  3055 | D:3      | Reached skill level 1 in Fire Magic
  3055 | D:3      | Reached skill level 1 in Ice Magic
  3055 | D:3      | Reached skill level 1 in Air Magic
  3055 | D:3      | Reached skill level 1 in Earth Magic
  3055 | D:3      | Reached skill level 1 in Poison Magic
  3269 | D:3      | Reached XP level 5. HP: 11/43 MP: 12/12
  4271 | D:4      | Found a stormy altar of Qazlal.
  4299 | D:4      | Reached XP level 6. HP: 37/50 MP: 13/13
  4398 | D:4      | Found a glowing golden altar of the Shining One.
  4529 | D:4      | Found Kogiynk's Book Shoppe.
  4594 | D:4      | Noticed Ijyb
  4609 | D:4      | Killed Ijyb
  4797 | D:4      | Identified the amulet "Ofeupso" {rN++ Regen+ Stlth+}
  4941 | D:4      | Found a staircase to the Ecumenical Temple.
  5121 | Temple   | Entered the Ecumenical Temple
  5307 | Temple   | Became a worshipper of Cheibriados the Contemplative
  5364 | D:5      | Entered Level 5 of the Dungeon
  5428 | D:5      | Reached skill level 5 in Fighting
  5428 | D:5      | Reached skill level 5 in Short Blades
  5428 | D:5      | Reached skill level 5 in Dodging
  5543 | D:5      | Reached XP level 7. HP: 50/56 MP: 15/15
  5647 | D:5      | Found a hide-covered altar of Uskayaw.
  5878 | D:5      | Found an ornate altar of the Wu Jian Council.
  5924 | D:5      | Reached XP level 8. HP: 63/63 MP: 16/16
  6328 | D:6      | Found a sand-covered staircase.
  6354 | Ossuary  | Entered an ossuary
  6408 | Ossuary  | Reached * piety under Cheibriados
  6571 | D:6      | Found Ograrch's Overcharged Wands.
  6760 | D:6      | Reached ** piety under Cheibriados
  6827 | D:6      | Reached XP level 9. HP: 50/67 MP: 16/18
  6978 | D:6      | Found a burning altar of Makhleb.
  7437 | D:7      | Reached *** piety under Cheibriados
  7438 | D:7      | Reached skill level 5 in Throwing
  7438 | D:7      | Reached skill level 5 in Armour
  7634 | D:7      | Noticed a hornet
  7666 | D:7      | Killed a hornet
  7854 | D:7      | Found a shimmering blue altar of Sif Muna.
  7878 | D:7      | Noticed a hornet
  8017 | D:7      | Reached skill level 5 in Invocations
  8090 | D:7      | Found Intofuc's Assorted Antiques.
  8104 | D:7      | Bought a scroll of teleportation for 60 gold pieces
  8104 | D:7      | Bought a scroll of teleportation for 60 gold pieces
  8104 | D:7      | Bought a metallic pink potion for 18 gold pieces
  8480 | D:7      | Paralysed by a hornet for 3 turns
  8489 | D:7      | Killed a hornet
  8825 | D:8      | Reached XP level 10. HP: 56/77 MP: 20/20
  8967 | D:8      | Found Soompe's Magic Scroll Emporium.
  9103 | D:8      | Found Igeocucu's Antique Weapon Emporium.
  9122 | D:8      | Noticed Joseph
  9139 | D:8      | Killed Joseph
  9140 | D:8      | Reached skill level 5 in Long Blades
  9140 | D:8      | Reached skill level 5 in Axes
  9140 | D:8      | Reached skill level 5 in Maces & Flails
  9140 | D:8      | Reached skill level 5 in Polearms
  9140 | D:8      | Reached skill level 5 in Staves
  9140 | D:8      | Reached skill level 5 in Slings
  9140 | D:8      | Reached skill level 5 in Bows
  9140 | D:8      | Reached skill level 5 in Crossbows
  9140 | D:8      | Reached skill level 5 in Stealth
  9140 | D:8      | Reached skill level 5 in Shields
  9140 | D:8      | Reached skill level 5 in Unarmed Combat
  9140 | D:8      | Reached skill level 5 in Evocations
  9224 | D:8      | Found a radiant altar of Vehumet.
  9302 | D:8      | Found a blossoming altar of Fedhas.
  9402 | D:8      | Bought a scroll of magic mapping for 38 gold pieces
  9402 | D:8      | Bought a scroll of teleportation for 33 gold pieces
  9402 | D:8      | Bought a scroll of enchant armour for 82 gold pieces
  9402 | D:8      | Bought a scroll of enchant weapon for 82 gold pieces
  9402 | D:8      | Bought a scroll of teleportation for 33 gold pieces
  9402 | D:8      | Bought a scroll of blinking for 82 gold pieces
  9402 | D:8      | Bought a scroll of immolation for 38 gold pieces
  9620 | D:9      | Reached **** piety under Cheibriados
 10049 | D:9      | Learned a level 5 spell: Fireball
 10107 | D:10     | Entered Level 10 of the Dungeon
 10430 | D:10     | Learned a level 5 spell: Freezing Cloud
 10436 | D:10     | Found a staircase to the Orcish Mines.
 10854 | D:11     | Found a staircase to the Lair.
 10858 | D:11     | Noticed a boulder beetle
 10867 | D:11     | Killed a boulder beetle
 10868 | D:11     | Reached XP level 11. HP: 61/84 MP: 22/22
 10906 | D:11     | Reached skill level 5 in Conjurations
 10906 | D:11     | Reached skill level 5 in Hexes
 10906 | D:11     | Reached skill level 5 in Summonings
 10906 | D:11     | Reached skill level 5 in Necromancy
 10906 | D:11     | Reached skill level 5 in Transmutations
 10906 | D:11     | Reached skill level 5 in Fire Magic
 10906 | D:11     | Reached skill level 5 in Ice Magic
 10906 | D:11     | Reached skill level 5 in Air Magic
 10906 | D:11     | Reached skill level 5 in Earth Magic
 10906 | D:11     | Reached skill level 5 in Poison Magic
 11203 | D:11     | Noticed a cyclops
 11217 | D:11     | Killed a cyclops
 11519 | Lair:1   | Entered Level 1 of the Lair of Beasts
 11646 | Lair:1   | Noticed a five-headed hydra
 11675 | Lair:1   | Killed a five-headed hydra
 11675 | Lair:1   | Reached ***** piety under Cheibriados
 12169 | Lair:1   | You fall into a shaft and drop 1 floor!
 12193 | Lair:2   | Noticed a boulder beetle
 12211 | Lair:3   | Noticed a four-headed hydra
 12222 | Lair:3   | Killed a four-headed hydra
 12329 | Lair:3   | Noticed a death yak
 12329 | Lair:3   | Noticed a death yak
 12329 | Lair:3   | Noticed a death yak
 12330 | Lair:3   | Noticed a death yak
 12330 | Lair:3   | Noticed a death yak
 12468 | Lair:4   | Noticed a catoblepas
 12473 | Lair:4   | Reached XP level 12. HP: 50/94 MP: 18/24
 12511 | Lair:4   | Noticed Sonja
 12512 | Lair:4   | Noticed Sonja
 12512 | Lair:4   | Sonja changed into Sonja the fire crab
 12523 | Lair:4   | Killed Sonja the fire crab
 12560 | Lair:4   | Killed a catoblepas
 12846 | Lair:4   | Noticed a boulder beetle
 12870 | Lair:4   | Killed a boulder beetle
 13503 | Lair:5   | Identified the ring of Cheibriados's Esteem {rF+ Will-
                  | Int+5 Dex+6}
 13595 | Lair:5   | Noticed a boulder beetle
 13616 | Lair:5   | Killed a boulder beetle
 13735 | Lair:5   | Noticed a six-headed hydra
 13752 | Lair:5   | Killed a six-headed hydra
 13755 | Lair:5   | Reached XP level 13. HP: 86/101 MP: 19/26
 14024 | Lair:6   | Entered Level 6 of the Lair of Beasts
 14182 | Lair:6   | Slain by a komodo dragon

Illustrated notes

Levels and vault maps discovered:
D:1:      dpeg_arrival_fog, layout_loops_ring,
          hellmonk_ecumenical_altar_zigzags, hex_medium, minmay_tetromino_o4
D:2:      layout_basic, basic_altar
D:3:      layout_loops_corners, nicolae_elyvilon_peaceful_grove,
          grunt_dithmenos_smoke, kennysheep_generic_room_13
D:4:      layout_gridville, nicolae_qazlal_scattered_showers,
          nicolae_overflow_hidden_temple, minmay_temple_entry_enclosed_plants,
          serial_shops, shop, hangedman_decor_peaks_small, uniq_ijyb
D:5:      layout_basic, kennysheep_mini_moat, nicolae_wu_jian_wuxing_cycle
D:6:      wander_river, layout_basic, demons_altar, enter_ossuary_4,
          minivault_4, nicolae_shop_overcharged_wands
D:7:      layout_basic, mainiacjoe_overflow_small_starburst, serial_shops,
          shop_statue, chequers_serial_rivers_large_b
D:8:      layout_cave_pools, fedhas_altar_4, amcnicky_altar_gilded,
          serial_shops, nicolae_inconvenience_store, nicolae_shop_hallway_plus,
          uniq_joseph
D:9:      layout_gridville
D:10:     layout_basic, david_orc_2, dreamdust_mushroom_princess
D:11:     layout_gridville, lair_entry_dummy
Temple:   minmay_temple_bridge_abc
Lair:1:   layout_long_grid, dpeg_stationary_puzzle, grunt_megastairs_1
Lair:2:   layout_gridlike, minmay_shoals_entry_lonely_mermaid,
          beast_lair_carwin_11
Lair:3:   layout_gridlike, hellmonk_spider_entry_not_the_bees,
          serial_bayou_shore_a, grunt_megastairs_4, serial_bayou_shore_b,
          lemuel_fruit_tree
Lair:4:   layout_long_grid, lemuel_fruit_fields, uniq_sonja
Lair:5:   layout_cave_shapes, nzn_sisyphean_effort
Lair:6:   hellmonk_lair_end_abyssal_woods, layout_small_grid, slime_altar_2,
          minivault_25, dreamdust_deal_with_the_devil, hibernation_bobbens

Skill      XL: |  1  2  3  4  5  6  7  8  9 10 11 12 13 |
---------------+----------------------------------------+-----
Spellcasting   | 5 6 7 8 9 |  9.5
Invocations    | 1 2 3 4 5 6 7 8 |  8.8
Long Blades    | 1 2 3 4 5 7 8 |  8.0
Axes           | 1 2 3 4 5 7 8 |  8.0
Maces & Flails | 1 2 3 4 5 7 8 |  8.0
Polearms       | 1 2 3 4 5 7 8 |  8.0
Staves         | 1 2 3 4 5 7 8 |  8.0
Slings         | 1 2 3 4 5 7 8 |  8.0
Bows           | 1 2 3 4 5 7 8 |  8.0
Crossbows      | 1 2 3 4 5 7 8 |  8.0
Stealth        | 1 2 3 4 5 7 8 |  8.0
Shields        | 1 2 3 4 5 7 8 |  8.0
Unarmed Combat | 1 2 3 4 5 7 8 |  8.0
Evocations     | 1 2 3 4 5 7 8 |  8.0
Conjurations   | 1 2 3 4 5 6 |  6.7
Hexes          | 1 2 3 4 5 6 |  6.7
Summonings     | 1 2 3 4 5 6 |  6.7
Necromancy     | 1 2 3 4 5 6 |  6.7
Transmutations | 1 2 3 4 5 6 |  6.7
Fire Magic     | 1 2 3 4 5 6 |  6.7
Ice Magic      | 1 2 3 4 5 6 |  6.7
Air Magic      | 1 2 3 4 5 6 |  6.7
Earth Magic    | 1 2 3 4 5 6 |  6.7
Poison Magic   | 1 2 3 4 5 6 |  6.7
Throwing       | 3 4 5 6 7 8 |  8.5
Armour         | 3 4 5 6 7 8 |  8.5
Fighting       | 5 6 7 8 9 |  9.3
Short Blades   | 5 6 7 8 9 |  9.3
Dodging        | 5 6 7 8 9 |  9.3
Translocations | 6 7 8 |  8.7

Action                   |  1- 3 |  4- 6 |  7- 9 | 10-12 | 13-15 || total
-------------------------+-------+-------+-------+-------+-------++-------
Melee: Short sword       |    75 |   120 |   321 |   391 |    65 ||   972
       Bite              |     5 |     9 |    41 |    93 |    13 ||   161
       Punch             |       |     2 |     9 |    35 |     4 ||    50
       Mace              |       |       |   100 |    72 |       ||   172
       Flail             |       |       |       |    45 |       ||    45
 Fire: Hunting sling     |    37 |   126 |   207 |   167 |       ||   537
Throw: Boomerang         |     4 |     2 |       |       |       ||     6
       Dart              |       |       |       |     3 |       ||     3
 Cast: Blink             |     3 |     7 |    12 |    38 |     7 ||    67
       Freezing Cloud    |       |       |       |    11 |     1 ||    12
Invok: Slouch            |       |       |       |     6 |       ||     6
Evoke: Wand              |       |     3 |     4 |    20 |       ||    27
  Use: Scroll            |     4 |     5 |    12 |     9 |       ||    30
       Potion            |     2 |     1 |     4 |       |       ||     7
 Stab: Sleeping          |     1 |     1 |     6 |     8 |     2 ||    18
       Distracted        |       |       |     1 |     1 |       ||     2
       Paralysed         |       |       |       |     2 |       ||     2
Armor: Leather armour    |    22 |    41 |       |       |       ||    63
       Ring mail         |       |     6 |   174 |       |       ||   180
       Skin              |       |       |    25 |       |       ||    25
       Scale mail        |       |       |    69 |   256 |    28 ||   353
Dodge: Dodged            |    69 |   117 |   291 |   496 |    47 ||  1020

Table legend: (Time is in decaauts)
 A = Elapsed time spent in this place.
 B = Non-inter-level travel time spent in this place.
 C = Inter-level travel time spent in this place.
 D = Time resting spent in this place.
 E = Time spent auto-exploring this place.
 F = Levels seen in this place.
 G = Mean time per level.
                   A        B        C        D        E       F      G
               +--------+--------+--------+--------+--------+-----+--------+
         Total |  17750 |  16975 |    775 |     84 |  13042 |  19 |  934.2 |
       Dungeon |  13464 |  12835 |    629 |     84 |  10030 |  11 | 1224.0 |
        Temple |    212 |    187 |     25 |      0 |    167 |   1 |  212.0 |
          Lair |   3818 |   3698 |    120 |      0 |   2750 |   6 |  636.3 |
       Ossuary |    255 |    255 |      0 |      0 |     94 |   1 |  255.0 |
               +--------+--------+--------+--------+--------+-----+--------+

Top non-repeatable levels by time:
     D:7: 1951 daAuts
  Lair:4: 1513 daAuts
     D:3: 1503 daAuts
     D:6: 1343 daAuts
     D:2: 1340 daAuts
     D:1: 1233 daAuts
     D:8: 1141 daAuts
     D:4: 1116 daAuts
    D:10: 1031 daAuts
     D:5: 994 daAuts
    D:11: 987 daAuts
  Lair:1: 967 daAuts
  Lair:5: 941 daAuts
     D:9: 821 daAuts
  Lair:3: 289 daAuts
